 Dungeon Crawl Stone Soup version 0.29-a0-43-g62a80824bf (webtiles) character file.

Game seed: 3118063858078517777

62 horus123 the Ducker (level 3, -5/23 HPs)
             Began as a Deep Elf Gladiator on Feb 2, 2022.
             Slain by a gnoll (8 damage)
             ... on level 2 of the Dungeon.
             The game lasted 00:05:46 (2058 turns).

horus123 the Ducker (Deep Elf Gladiator)            Turns: 2058, Time: 00:05:46

Health: -5/23      AC:  7    Str: 11    XL:     3   Next: 85%
Magic:  5/5        EV: 12    Int: 12    God:
Gold:   29         SH:  0    Dex: 18    Spells: 2/2 levels left

rFire   . . .      SeeInvis .   a - +0 long sword
rCold   . . .      Faith    .   k - orb {mayhem}
rNeg    . . .      Spirit   .   f - +0 ring mail
rPois   .          Reflect  .   c - +1 helmet
rElec   .          Harm     .   (no cloak)
rCorr   .          Rampage  .   (no gloves)
Will    .....                   (no boots)
Stlth   +.........              (no amulet)
HPRegen 0.07/turn               (no ring)
MPRegen 0.09/turn               (no ring)

@: no status effects
A: no striking features
a: no special abilities


You were on level 2 of the Dungeon.
You visited 1 branch of the dungeon, and saw 2 of its levels.

You collected 29 gold pieces.

Inventory:

Hand Weapons
 a - a +0 long sword (weapon)
 j - a +2 dagger of flaming
Missiles
 d - 2 throwing nets (quivered)
Armour
 b - a +0 leather armour
 c - a +1 helmet (worn)
 f - a +0 ring mail (worn)
 k - an orb of mayhem (worn)
Scrolls
 g - 2 scrolls of holy word


   Skills:
 + Level 3.5 Fighting
 - Level 2.6 Long Blades
 - Level 2.0 Throwing
 - Level 3.6 Dodging


You had 2 spell levels left.
You didn't know any spells.
Your spell library contained the following spells:

 Spells                   Type           Power      Damage    Failure   Level
 Static Discharge         Conj/Air       0%         N/A       77%         2
 Dispel Undead            Necr           0%         3d6       100%        4
 Sticky Flame             Conj/Fire      0%         2d3       100%        4


Dungeon Overview and Level Annotations

Branches:
Dungeon (2/15)

Altars:

Shops:
D:2 =


Message History

* * * LOW HITPOINT WARNING * * *
You slash the gnoll!
You kill the gnoll!
It was a potion of curing.
You feel better.
The gnoll hits you with a +0 flail of protection.
* * * LOW HITPOINT WARNING * * *
The gnoll hits you but does no damage.
There is a stone staircase leading up here.
You climb upwards.
There is a stone staircase leading down here.
You start resting.
HP restored.
You climb downwards.
The gnoll misses you. The hobgoblin closely misses you.
The gnoll barely misses you.
There is a stone staircase leading up here.
The hobgoblin hits you with a +0 whip.
You see here a +0 dagger.
You hit the hobgoblin.
The hobgoblin is severely wounded.
The hobgoblin hits you with a +0 whip. The hobgoblin barely misses you.
You closely miss the hobgoblin.
The hobgoblin is severely wounded.
The hobgoblin barely misses you.
You closely miss the hobgoblin.
The hobgoblin is severely wounded.
The hobgoblin hits you with a +0 whip.
You slash the hobgoblin!
You kill the hobgoblin!
The gnoll flies into a frenzy!
The gnoll closely misses you.
The gnoll shouts!
Things that are here:
a +0 flail; a gnoll skeleton The gnoll hits you with a +0 flail of protection!
* * * LOW HITPOINT WARNING * * *
You hit the gnoll.
The gnoll is moderately wounded.
The gnoll barely misses you.
A giant cockroach comes into view.
The gnoll hits you with a +0 flail of protection!
You die...

#.∩.###.# #############.).##..#
..............#.....#
.##.############..#.# .##.#
##.#.# .##.## ##### #.#.#
********* .....####...# #...#
*,,,,,,,,
.#........<.######..#####...,,,,,
...........).).g@............,,,>
........#.#.#######B####.....,,,,
##..(.#.#'#..........# *,,...,,,,
#####.#..........###.##*,....,,,,
....#............###..##.....,,,,
....<........................,,,,
....#............####.###.(..,,,,
#...#.#.>........# #.##*,,..,,,,
#)#.#.#..........# #..#*,,,,,,,,


You could see a giant cockroach and a neutral gnoll (fast, strong, insane).

Vanquished Creatures
  3 gnolls
  An adder (D:2)
  4 endoplasms (D:1)
  3 goblins (D:2)
  3 hobgoblins
  A ball python (D:1)
  2 bats
  2 frilled lizards
  4 kobolds
  3 rats (D:1)
26 creatures vanquished.

Notes
Turn   | Place    | Note
-------+----------+-------------------------------------------
     0 | D:1      | horus123 the Deep Elf Gladiator began the quest for the
                  | Orb.
     0 | D:1      | Reached XP level 1. HP: 12/12 MP: 3/3
   265 | D:1      | Reached XP level 2. HP: 16/17 MP: 4/4
   918 | D:2      | Reached XP level 3. HP: 22/22 MP: 5/5
  1063 | D:2      | Found Juet's Jewellery Shoppe.
  2058 | D:2      | Slain by a gnoll

Illustrated notes

Levels and vault maps discovered:
D:1:      amcnicky_arrival_flooded_fountain, layout_basic
D:2:      layout_basic, serial_shops, nicolae_shop_stone,
          roderic_cross_of_infinity, minmay_misc_feat_room

Skill      XL: |  1  2  3 |
---------------+----------+-----
Fighting       | 2 3 |  3.5
Long Blades    | |  2.6
Throwing       | |  2.0
Dodging        | |  3.6

Action                   || total
-------------------------++-------
Melee: Long sword        ||    81
       Punch             ||     2
Throw: Throwing net      ||     1
  Use: Scroll            ||     4
       Potion            ||     1
 Stab: Held in net/web   ||     1
       Sleeping          ||     1
Armor: Leather armour    ||     1
       Ring mail         ||    32
Dodge: Dodged            ||    83

Table legend: (Time is in decaauts)
 A = Elapsed time spent in this place.
 B = Non-inter-level travel time spent in this place.
 C = Inter-level travel time spent in this place.
 D = Time resting spent in this place.
 E = Time spent auto-exploring this place.
 F = Levels seen in this place.
 G = Mean time per level.
                   A        B        C        D        E       F      G
               +--------+--------+--------+--------+--------+-----+--------+
         Total |   2082 |   2054 |     28 |    548 |    883 |   2 | 1041.0 |
       Dungeon |   2082 |   2054 |     28 |    548 |    883 |   2 | 1041.0 |
               +--------+--------+--------+--------+--------+-----+--------+

Top non-repeatable levels by time:
     D:1: 1573 daAuts
     D:2: 509 daAuts
